 Dungeon Crawl Stone Soup version 0.20.0-15-g7f486f2 (webtiles) character file.

44 zhorgal the Vandal (level 3, 0/22 HPs)
             Began as a Halfling Arcane Marksman on June 10, 2017.
             Slain by an adder (3 damage)
             ... on level 1 of the Dungeon.
             The game lasted 00:05:04 (1499 turns).

zhorgal the Vandal (Halfling Arcane Marksman)       Turns: 1499, Time: 00:05:06

Health: 0/22       AC:  2    Str: 11    XL:     3   Next: 85%
Magic:  4/4        EV: 15    Int: 11    God:
Gold:   25         SH:  0    Dex: 15    Spells: 3/4 levels left

rFire    . . .     SeeInvis .   a - +0 hunting sling
rCold    . . .     Gourm    .   (shield restricted)
rNeg     . . .     Faith    .   e - +0 robe
rPois    .         Spirit   .   (no helmet)
rElec    .         Reflect  .   (no cloak)
rCorr    .         Harm     .   (no gloves)
MR       .....                  (no boots)
Stlth    +.........             (no amulet)
Regen    0.1/turn               (no ring)
MPRegen  0.1/turn               (no ring)

@: lethally poisoned (0 -> -5)
A: mutation resistance 1
a: no special abilities


You were on level 1 of the Dungeon.
You were hungry.

You visited 1 branch of the dungeon, and saw 2 of its levels.

You collected 25 gold pieces.

Inventory:

Hand Weapons
 a - a +0 hunting sling (weapon)
 b - a +0 short sword
Missiles
 d - 20 sling bullets
 h - 41 stones (quivered)
 i - 53 arrows
Armour
 e - a +0 robe (worn)
Scrolls
 g - 3 scrolls of enchant weapon {unknown}
 j - a scroll of identify {unknown}
 n - a scroll of remove curse {unknown}
 o - a scroll of fog {unknown}
 p - a scroll of teleportation {unknown}
Potions
 l - a potion of haste {unknown}
 r - a potion of heal wounds {unknown}
Books
 c - a book of Debilitation

   Spells                             Type                      Level
   a - Corona                         Hexes                        1
   b - Slow                           Hexes                        2
   c - Inner Flame                    Hexes/Fire                   3
   d - Portal Projectile              Hexes/Translocation          3
   e - Cause Fear                     Hexes                        4
   f - Leda's Liquefaction            Hexes/Earth                  4
Comestibles
 f - a bread ration
 k - a meat ration
 q - 2 fruits


   Skills:
 - Level 0.8 Fighting
 + Level 5.6 Slings
 - Level 2.1 Dodging
 - Level 1.0 Spellcasting
 - Level 2.4 Hexes


You had 3 spell levels left.
You knew the following spells:

 Your Spells              Type           Power        Failure   Level  Hunger
a - Corona                Hex            #......      12%         1    ##.....


Dungeon Overview and Level Annotations

Branches:
Dungeon (2/15)

Altars:


Innate Abilities, Weirdness & Mutations

You are small and have problems with some larger weapons.
You are somewhat resistant to further mutation.


Message History

There is a stone staircase leading down here.
The adder closely misses you. The worm bites you! The adder misses you.
The adder bites you but does no damage. The adder bites you.
* * * LOW HITPOINT WARNING * * *
a - a +0 hunting sling (weapon)
The adder bites you.
* * * LOW HITPOINT WARNING * * *
You are lethally poisoned!
The adder poisons you!
Unknown command.
You are too injured to fight recklessly!
Firing (i - inventory. (,) - cycle):
h - 42 stones (quivered)
Press: ? - help, Shift-Dir - straight line, f - adder
Aim: an adder You shoot a stone.
The stone hits the adder.
The adder is lightly wounded.
* * * LOW HITPOINT WARNING * * *
You feel sick. The adder bites you.
You die...

##...#........#...#
.....'########'..##
..+...........)..#
.................#
.............#..##
.....#######.#..#
.....# #.##.##
'#.### #.##..#
....# #....@# .##.#
####.#S# .##.#
#....#w## ....#
#.####..# #####
#.####..# #......>#
#########


You could see a worm and an adder.

Vanquished Creatures
  4 oozes (D:1)
  2 dart slugs (D:1)
  A leopard gecko (D:1)
  A ball python (D:1)
  A giant cockroach (D:1)
  A goblin (D:1)
  4 hobgoblins (D:1)
  2 bats (D:1)
  A frilled lizard (D:1)
  4 kobolds (D:1)
  A rat (D:1)
22 creatures vanquished.

Notes
Turn   | Place    | Note
-------+----------+-------------------------------------------
     0 | D:1      | zhorgal the Halfling Arcane Marksman began the quest for the Orb.
     0 | D:1      | Reached XP level 1. HP: 12/12 MP: 2/2
    60 | D:1      | Reached skill level 4 in Slings
    60 | D:1      | Reached XP level 2. HP: 17/18 MP: 3/3
   505 | D:1      | Reached XP level 3. HP: 13/22 MP: 4/4
   667 | D:1      | Reached skill level 5 in Slings
  1499 | D:1      | Slain by an adder

Skill      XL: |  1  2  3 |
---------------+----------+-----
Slings         | 4 5 |  5.6
Fighting       | |  0.8
Dodging        | |  2.1
Spellcasting   | |  1.0
Hexes          | |  2.4

Action                   || total
-------------------------++-------
Melee: Dagger            ||    49
       Short sword       ||    38
 Fire: Hunting sling     ||    23
 Stab: Sleeping          ||     1
  Eat: Chunk             ||     1
Armor: Robe              ||    10
Dodge: Dodged            ||    69
